 Dungeon Crawl Stone Soup version 0.20-a0-12-g90c15da (webtiles) character file.

88 GlassEater the Sneak (level 4, -2/29 HPs)
             Began as a Kobold Monk on Nov 2, 2016.
             Slain by an orc wizard
             ... wielding a +0 trident
              (5 damage)
             ... on level 3 of the Dungeon.
             The game lasted 00:03:54 (3473 turns).

GlassEater the Sneak (Kobold Monk)                  Turns: 3473, Time: 00:03:55

Health: -2/29      AC:  4    Str:  8    XL:     4   Next: 81%
Magic:  4/4        EV: 17    Int: 11    God:
Gold:   115        SH:  0    Dex: 18    Spells: 0 memorised, 3 levels left

rFire  . . .     SeeInvis .     a - +0 short sword
rCold  . . .     Gourm    .     b - +0 robe
rNeg   . . .     Faith    .     (shield restricted)
rPois  .         Spirit   .     n - +2 hat
rElec  .         Reflect  .     (no cloak)
rCorr  .         Harm     .     (no gloves)
MR     .....                    (no boots)
Stlth  +++.......               (no amulet)
                                (no ring)
                                (no ring)

@: slowed, very slow
A: carnivore 3
a: no special abilities


You were on level 3 of the Dungeon.
You were very full.

You visited 1 branch of the dungeon, and saw 3 of its levels.

You collected 115 gold pieces.

Inventory:

Hand Weapons
 a - a +0 short sword (weapon)
Armour
 b - a +0 robe (worn)
 n - a +2 hat (worn)
Scrolls
 d - 4 scrolls of remove curse {unknown}
 e - a scroll of enchant armour {unknown}
 h - a scroll of fog {unknown}
 j - a scroll of recharging {unknown}
 k - a scroll of random uselessness {unknown}
 m - a scroll of identify {unknown}
Potions
 g - a potion of agility {unknown}
Comestibles
 c - 3 meat rations
 f - a slice of pizza
 i - 2 beef jerkies


   Skills:
 + Level 4.0 Fighting
 - Level 4.0 Short Blades
 - Level 4.0 Dodging
 - Level 5.4 Stealth


You had 3 spell levels left.
You didn't know any spells.

Dungeon Overview and Level Annotations

Branches:
Dungeon (3/15)

Altars:


Innate Abilities, Weirdness & Mutations

You are small and have problems with some larger weapons.
You are carnivorous and can eat meat at any time.


Message History

The orc wizard is moderately wounded.
The orc wizard barely misses you.
You hit the orc wizard.
The orc wizard is heavily wounded.
The orc wizard closely misses you. x2
The orc wizard hits you but does no damage.
The orc wizard misses you.
The orc wizard points at you and mumbles some strange words.
The magic dart hits you!
* * * LOW HITPOINT WARNING * * *
The orc wizard misses you.
The orc wizard hits you but does no damage.
The orc wizard gestures at you while chanting.
You resist with some effort.
The orc wizard hits you but does no damage.
The orc wizard mumbles some strange words.
The orc wizard blinks!
The orc wizard completely misses you. The orc wizard closely misses you.
The orc wizard hits you from afar with a trident.
You die...

.....#.....#..#
...........)#.##
..###.......#..#
#...........##o#
...###.....###o#
...# ##...## #.#####
.... #########§o...#
...( .........#o...#
...##########...@<.#
.... ###....# ....
#....# ##...# #...#
#...# #...# #####


You could see 2 orc wizards and 2 orcs.

Vanquished Creatures
  2 adders (D:3)
  3 worms
  4 dart slugs
  A leopard gecko (D:1)
  An orc (D:3)
  2 ball pythons
  3 bats
  3 giant cockroaches
  9 hobgoblins
  4 jackals
  2 kobolds
  2 quokkas (D:2)
  2 frilled lizards
  3 goblins
  A quokka zombie (D:3)
  6 rats
48 creatures vanquished.

Notes
Turn   | Place    | Note
-------+----------+-------------------------------------------
     0 | D:1      | GlassEater the Kobold Monk began the quest for the Orb.
     0 | D:1      | Reached XP level 1. HP: 14/14 MP: 1/1
    49 | D:1      | Reached skill level 3 in Stealth
   195 | D:1      | Reached XP level 2. HP: 19/19 MP: 2/2
   245 | D:1      | Reached skill level 4 in Stealth
  1250 | D:2      | Reached XP level 3. HP: 18/23 MP: 3/3
  1577 | D:2      | Reached skill level 5 in Stealth
  2046 | D:2      | Reached XP level 4. HP: 5/28 MP: 4/4
  2828 | D:3      | HP: 1/28 [hobgoblin/club (4)]
  3473 | D:3      | Slain by an orc wizard

Vault maps used:
D:1:      minmay_arrival_floating_metal
D:3:      st_stairs_4, corexii_corridor_pit

Skill      XL: |  1  2  3  4 |
---------------+-------------+-----
Stealth        | 3 4 5 |  5.4
Dodging        | 4 |  4.0
Fighting       | 4 |  4.0
Short Blades   | |  4.0

Action                   |  1- 3 |  4- 6 || total
-------------------------+-------+-------++-------
Melee: Short sword       |   148 |   104 ||   252
  Use: Potion            |       |     1 ||     1
 Stab: Sleeping          |    10 |     1 ||    11
  Eat: Chunk             |    12 |     3 ||    15
Armor: Robe              |    10 |    38 ||    48
Dodge: Dodged            |    86 |   134 ||   220
